 Dungeon Crawl Stone Soup version 0.28.0-1-gb440e238dd (webtiles) character file.

Game seed: 6209978332743161685

2 spaghetti the Sneak (level 1, 0/18 HPs)
             Began as a Demonspawn Delver on Feb 19, 2022.
             Slain by a scorpion (3 damage)
             ... on level 5 of the Dungeon.
             The game lasted 00:00:16 (222 turns).

spaghetti the Sneak (Demonspawn Delver)              Turns: 222, Time: 00:00:17

Health: 0/18       AC:  3    Str: 12    XL:     1   Next: 25%
Magic:  1/1        EV: 11    Int: 11    God:
Gold:   27         SH:  0    Dex: 14    Spells: 0/0 levels left

rFire   . . .      SeeInvis .   a - +0 falchion
rCold   . . .      Faith    .   (no shield)
rNeg    . . .      Spirit   .   b - +0 leather armour
rPois   .          Reflect  .   (no helmet)
rElec   .          Harm     .   (no cloak)
rCorr   .          Rampage  .   (no gloves)
Will    .....                   (no boots)
Stlth   ++........              (no amulet)
HPRegen 0.06/turn               (no ring)
MPRegen 0.07/turn               (no ring)

@: no status effects
A: no striking features
a: no special abilities


You were on level 5 of the Dungeon.
You visited 1 branch of the dungeon, and saw 2 of its levels.

You collected 27 gold pieces.

Inventory:

Hand Weapons
 a - a +0 falchion (weapon)
Armour
 b - a +0 leather armour (worn)
Wands
 g - a wand of digging (3)
Scrolls
 c - a scroll of fog
 d - a scroll of magic mapping
 e - a scroll of fear
Potions
 f - a potion of haste
 h - a potion of might {unknown}


   Skills:
 - Level 3.0 Fighting
 + Level 2.0 Long Blades
 - Level 1.7 Dodging
 - Level 4.5 Stealth


You couldn't memorise any spells.
You didn't know any spells.
Your spell library was empty.

Dungeon Overview and Level Annotations

Branches:
Dungeon (6/15)
 Temple: D:4-7

Altars:
Vehumet


Message History

The scorpion is lightly wounded.
The scorpion stings you.
You barely miss the scorpion.
The scorpion is lightly wounded.
The scorpion stings you. The scorpion barely misses you.
You closely miss the scorpion.
The scorpion is lightly wounded.
The scorpion misses you.
You closely miss the scorpion.
The scorpion is lightly wounded.
The scorpion misses you.
You hit the scorpion.
The scorpion is moderately wounded.
The scorpion barely misses you.
The scorpion stings you but does no damage.
You hit the scorpion.
The scorpion is moderately wounded.
The scorpion stings you but does no damage.
You hit the scorpion.
The scorpion is heavily wounded.
The scorpion misses you. The scorpion closely misses you.
You hit the scorpion but do no damage.
The scorpion is heavily wounded.
The scorpion closely misses you.
You hit the scorpion.
The scorpion is severely wounded.
The scorpion closely misses you. The scorpion stings you.
You hit the scorpion but do no damage.
The scorpion is severely wounded.
The scorpion stings you!
* * * LOW HITPOINT WARNING * * *
You are too injured to fight recklessly!
You are too injured to fight recklessly!
You are too injured to fight recklessly!
You are too injured to fight recklessly!
A scorpion is nearby!
You hit the scorpion but do no damage.
The scorpion is severely wounded.
The scorpion stings you.
You die...

##
##.........
#..........
#...##.....
##..####....
#..## ##...
##.## #...
##..# #..##
######..##
#..
#s@##...#
#.#
###....## ..
##...# #.
.......#
#.........#
###?.......#
###........
###....##
.#..#


You could see a scorpion.

Vanquished Creatures
  An orc (D:6)
1 creature vanquished.

Notes
Turn   | Place    | Note
-------+----------+-------------------------------------------
     0 | D:5      | spaghetti the Demonspawn Delver began the quest for the
                  | Orb.
     0 | D:5      | Reached XP level 1. HP: 18/18 MP: 1/1
   100 | D:6      | Found a radiant altar of Vehumet.
   205 | D:5      | Noticed a scorpion
   222 | D:5      | Slain by a scorpion

Illustrated notes

Levels and vault maps discovered:
D:5:      minmay_angry_zag, layout_layer_cave, uniq_pikel
D:6:      layout_basic, nicolae_vehumet_altar_sigil,
          gammafunk_temple_overflow_elements, temple_pool_b, st_stairs_4,
          hangedman_decor_riveting, nicolae_shop_sticking_my_neck_out

Skill      XL: |  1 |
---------------+----+-----
Long Blades    | 2 |  2.0
Fighting       | |  3.0
Dodging        | |  1.7
Stealth        | |  4.5

Action                   || total
-------------------------++-------
Melee: Falchion          ||    23
 Stab: Sleeping          ||     1
Armor: Leather armour    ||     5
Dodge: Dodged            ||    14
